 Dungeon Crawl Stone Soup version 0.25.0-9-g26727b657a (webtiles) character file.

Game seed: 2152078376980632716

4 Descartes the Vexing (level 1, 0/7 HPs)
             Began as a Felid Enchanter on June 20, 2020.
             Slain by a hobgoblin
             ... wielding a +0 club
              (1 damage)
             ... on level 1 of the Dungeon.
             The game lasted 00:00:40 (329 turns).

Descartes the Vexing (Felid Enchanter)               Turns: 329, Time: 00:00:41

Health: 0/7        AC:  1    Str:  4    XL:     1   Next: 50%
Magic:  4/4        EV: 18    Int: 16    God:
Gold:   39         SH:  0    Dex: 16    Spells: 3/4 levels left
                                        Lives:  0   Deaths: 0

rFire    . . .     SeeInvis +     - Unarmed
rCold    . . .     Gourm    .   (shield unavailable)
rNeg     . . .     Faith    .   (armour unavailable)
rPois    .         Spirit   .   (helmet unavailable)
rElec    .         Reflect  .   (cloak unavailable)
rCorr    .         Harm     .   (gloves unavailable)
MR       .....                  (boots unavailable)
Stlth    +++.......             (no amulet)
HPRegen  0.02/turn              (no ring)
MPRegen  0.09/turn              (no ring)

@: quick
A: very small, no armour, no weapons or thrown items, stealth, claws 1, fangs 3,
see invisible, carnivore, speed 1, shaggy fur 1, slow metabolism 1, sharp paws
a: no special abilities


You were on level 1 of the Dungeon.
You were very full.

You visited 1 branch of the dungeon, and saw 1 of its levels.

You collected 39 gold pieces.

Inventory:

Scrolls
 a - 2 scrolls of identify {unknown}
 c - a scroll of magic mapping {unknown}
Comestibles
 b - a ration


   Skills:
 + Level 2.7 Dodging
 * Level 4.2 Stealth
 * Level 1.2 Unarmed Combat
 - Level 2.0 Spellcasting
 + Level 4.4 Hexes


You had 3 spell levels left.
You knew the following spells:

 Your Spells              Type           Power        Failure   Level  Hunger
a - Corona                Hex            ###....      3%          1    #......

Your spell library contained the following spells:

 Spells                   Type           Power        Failure   Level  Hunger
 Confusing Touch          Hex            ###.....     10%         3    ###....
 Tukima's Dance           Hex            ###.....     10%         3    ###....
 Ensorcelled Hibernation  Hex/Ice        #.....       13%         2    ###....
 Dazzling Flash           Conj/Hex       #.....       26%         3    ###....


Dungeon Overview and Level Annotations

Branches:
Dungeon (1/15)

Altars:


Innate Abilities, Weirdness & Mutations

You cannot wear armour.
You are incapable of wielding weapons or throwing items.
Your paws allow you to move quietly. (Stealth)
You have sharp claws.
You have razor-sharp teeth.
You have supernaturally acute eyesight. (SInv)
You are carnivorous and can eat meat at any time.
You cover ground quickly.
You are covered in fur. (AC +1)
You have a slow metabolism.
Your sharp claws are effective at attacking unaware monsters.


Message History

Things that are here:
a +0 club; a hobgoblin skeleton Eating one of 2 chunks of flesh.
You eat one of the 2 chunks of flesh.
This raw flesh tastes great.
Eating a chunk of flesh.
You eat the chunk of flesh.
This raw flesh tastes great.
You now have 39 gold pieces (gained 15).
A hobgoblin comes into view. It is wielding a +0 club.
Found a stone staircase leading down.
A giant cockroach comes into view.
Found 21 stones.
The hobgoblin shouts!
You hear a shout!
Found 13 gold pieces.
You barely miss the hobgoblin. The hobgoblin hits you with a +0 club.
Ouch! That really hurt!
* * * LOW HITPOINT WARNING * * *
You are too injured to fight recklessly!
You closely miss the hobgoblin. Your bite misses the hobgoblin.
The hobgoblin hits you with a +0 club.
You die...

###.#...........####.#
#..........[..........
###.###.##.##.#.....##.#
#....)..# ....#...>.##.#
#.#.###.#######.....##.#
# #.........#......#
#...##############
#.###.### #....@#
.......g..$#
..#........#
...>....s....
.###.###...##.. #. ...#
# #. ..(. #.##.


You could see a giant cockroach and a hobgoblin.

Vanquished Creatures
  A giant cockroach (D:1)
  A hobgoblin (D:1)
  A goblin (D:1)
  A kobold (D:1)
4 creatures vanquished.

Notes
Turn   | Place    | Note
-------+----------+-------------------------------------------
     0 | D:1      | Descartes the Felid Enchanter began the quest for the Orb.
     0 | D:1      | Reached XP level 1. HP: 7/7 MP: 4/4
   329 | D:1      | Slain by a hobgoblin

Illustrated notes

Levels and vault maps discovered:
D:1:      ncdulo_lavacross, layout_basic

Action                   || total
-------------------------++-------
Melee: Unarmed           ||    16
       Bite              ||     1
 Stab: Sleeping          ||     1
  Eat: Chunk             ||     4
Armor: Skin              ||     1
Dodge: Dodged            ||     7
